 Dungeon Crawl Stone Soup version 0.27-a0-103-g6cd7b45605 (webtiles) character file.

Game seed: 8060797100548524106

1305 n3xuiz the Cleaver (level 8, 0/70 HPs)
             Began as a Minotaur Fighter on Jan 15, 2021.
             Hit by a stone thrown by an orc (1 damage)
             ... on level 5 of the Dungeon on Jan 23, 2021.
             The game lasted 00:08:57 (5074 turns).

n3xuiz the Cleaver (Minotaur Fighter)               Turns: 5074, Time: 00:08:58

Health: 0/70       AC:  7    Str: 23    XL:     8   Next: 31%
Magic:  7/7        EV:  9    Int:  5    God:
Gold:   247        SH: 10    Dex: 10    Spells: 7/7 levels left

rFire    . . .     SeeInvis .   a - +0 war axe
rCold    . . .     Faith    .   c - +0 kite shield
rNeg     . . .     Spirit   .   b - +0 scale mail
rPois    .         Reflect  .   (helmet restricted)
rElec    .         Harm     .   (no cloak)
rCorr    .         Rampage  .   (no gloves)
Will     .....                  (no boots)
Stlth    ..........             (no amulet)
HPRegen  0.21/turn              (no ring)
MPRegen  0.10/turn              (no ring)

@: no status effects
A: retaliatory headbutt, horns 2
a: no special abilities


You were on level 5 of the Dungeon.
You visited 1 branch of the dungeon, and saw 5 of its levels.

You collected 247 gold pieces.

Inventory:

Hand Weapons
 a - a +0 war axe (weapon)
 y - a cursed -2 falchion
Armour
 b - a +0 scale mail (worn)
 c - a +0 kite shield (worn)
Jewellery
 h - an uncursed ring of poison resistance
 r - an uncursed ring of ice {unknown}
Wands
 p - a wand of paralysis (2)
 q - a wand of enslavement (4)
 B - a wand of polymorph (7)
Scrolls
 e - a scroll of fog {unknown}
 f - a scroll of amnesia {unknown}
 g - 3 scrolls of identify {unknown}
 i - a scroll of remove curse {unknown}
 k - 2 scrolls of teleportation {unknown}
 l - a scroll of enchant armour {unknown}
 s - a scroll of magic mapping {unknown}
 t - 3 scrolls of immolation {unknown}
 w - a scroll of noise {unknown}
 x - a scroll of blinking {unknown}
Potions
 d - a potion of might
 j - a potion of mutation {unknown}
 m - 2 potions of curing {unknown}
 n - a potion of berserk rage {unknown}
 o - a potion of brilliance {unknown}
 u - a potion of degeneration {unknown}
 v - a potion of cancellation {unknown}
 z - 2 potions of lignification {unknown}
 A - 2 potions of flight {unknown}


   Skills:
 + Level 5.8 Fighting
 + Level 8.1 Axes
 + Level 6.8 Armour
 + Level 2.1 Dodging
 + Level 0.5 Stealth
 + Level 6.1 Shields


You had 7 spell levels left.
You didn't know any spells.
Your spell library was empty.

Dungeon Overview and Level Annotations

Branches:
Dungeon (5/15)             Temple (0/1) D:4

Altars:
Gozag
Nemelex Xobeh
Qazlal
Sif Muna
Uskayaw
Yredelemnul
Zin


Innate Abilities, Weirdness & Mutations

You reflexively headbutt those who attack you in melee.
You have a pair of horns on your head.


Message History

The orc warrior hits you with a +0 war axe!
* * * LOW HITPOINT WARNING * * *
The ufetubus barely misses you. You furiously retaliate!
You headbutt the ufetubus. The ufetubus hits you.
* * * LOW HITPOINT WARNING * * *
You block the ufetubus's attack. The ufetubus closely misses you.
You slash the ufetubus!
You kill the ufetubus!
The orc throws a stone.
The stone hits you but does no damage.
You see here a stone.
The orc warrior hits you with a +0 war axe.
* * * LOW HITPOINT WARNING * * *
You hit the orc warrior but do no damage.
Your headbutt misses the orc warrior.
The orc warrior is severely wounded.
You closely miss the orc warrior.
You headbutt the orc warrior, but do no damage.
The orc warrior is severely wounded.
The orc throws a stone.
The stone hits you.
You die...

##### #...###### #
#........##
#.#.#######...####..# .
#.#.........### ##.# .# ##
#..####..#########..###.
.# #..##....## #.....##..
.# #..#.##..# #.######.#
.# ##....##@###.# ##.# .#
#.....##o....# ###..## .#
#....<#...o.####.....# .##
#.....#.###......###.# ..#
#.......# ####..## #.#
..## ###).....### ##....#
#.## ...# #).).......#
#..##.# #..#
.#.####.##..#.##.###.###.#
##.##
....#...#...#.##.....#
#.###...##


You could see an orc warrior and an orc.

Vanquished Creatures
  Grinder (D:3)
  Sigmund (D:4)
  Eustachio (D:4)
  Menkaure (D:4)
  2 phantoms
  A centaur (D:5)
  A hound (D:4)
  An orc priest (D:3)
  2 orc wizards (D:5)
  Terence (D:3)
  Jessica (D:3)
  Ijyb (D:3)
  An iguana (D:4)
  6 adders
  A gnoll (D:1)
  A howler monkey skeleton (D:5)
  A river rat (D:3)
  2 shadow imps (D:5)
  An ufetubus (D:5)
  2 oozes (D:2)
  3 worms
  6 dart slugs
  6 leopard geckos
  12 orcs
  5 ball pythons
  6 bats
  6 giant cockroaches
  6 goblins
  A hobgoblin (D:1)
  4 jackals (D:2)
  5 kobolds
  A quokka (D:4)
  5 frilled lizards
  11 rats
106 creatures vanquished.

Vanquished Creatures (others)
  5 plants
5 creatures vanquished.

Grand Total: 111 creatures vanquished

Notes
Turn   | Place    | Note
-------+----------+-------------------------------------------
     0 | D:1      | n3xuiz the Minotaur Fighter began the quest for the Orb.
     0 | D:1      | Reached XP level 1. HP: 19/19 MP: 0/0
   364 | D:1      | Reached XP level 2. HP: 15/27 MP: 1/1
   784 | D:1      | Reached XP level 3. HP: 33/33 MP: 2/2
  1020 | D:2      | Reached skill level 3 in Axes
  1224 | D:2      | Reached XP level 4. HP: 40/40 MP: 3/3
  1374 | D:2      | Found a glowing silver altar of Zin.
  1506 | D:2      | Found a shimmering blue altar of Sif Muna.
  1573 | D:3      | Reached skill level 4 in Axes
  1815 | D:3      | Reached XP level 5. HP: 44/47 MP: 4/4
  1817 | D:3      | Found a glowing drain.
  1931 | D:3      | Noticed Ijyb
  1934 | D:3      | Paralysed by Ijyb for 5 turns
  1940 | D:3      | Paralysed by Ijyb for 6 turns
  1953 | D:3      | Paralysed by Ijyb for 7 turns
  1961 | D:3      | Killed Ijyb
  2131 | D:3      | Noticed Terence
  2145 | D:3      | Killed Terence
  2210 | D:3      | Found a hide-covered altar of Uskayaw.
  2284 | D:3      | Reached skill level 1 in Dodging
  2285 | D:3      | Reached skill level 5 in Axes
  2365 | D:3      | Noticed Grinder
  2375 | D:3      | Paralysed by Grinder for 6 turns
  2385 | D:3      | Killed Grinder
  2386 | D:3      | Reached skill level 5 in Armour
  2386 | D:3      | Reached skill level 5 in Shields
  2386 | D:3      | Reached XP level 6. HP: 9/55 MP: 5/5
  3268 | D:3      | Found an opulent altar of Gozag.
  3269 | D:3      | Found a sparkling altar of Nemelex Xobeh.
  3269 | D:3      | Noticed Jessica
  3273 | D:3      | Killed Jessica
  3274 | D:3      | Reached skill level 5 in Fighting
  3356 | D:4      | Noticed Menkaure
  3361 | D:4      | Killed Menkaure
  3362 | D:4      | Reached skill level 6 in Axes
  3362 | D:4      | Reached XP level 7. HP: 61/61 MP: 6/6
  3380 | D:4      | Noticed Sigmund
  3390 | D:4      | Killed Sigmund
  3577 | D:4      | Found a staircase to the Ecumenical Temple.
  3599 | D:4      | Found a stormy altar of Qazlal.
  3633 | D:4      | Reached skill level 7 in Axes
  3957 | D:4      | Noticed Eustachio
  3974 | D:4      | Killed Eustachio
  3975 | D:4      | Reached XP level 8. HP: 51/69 MP: 7/7
  4180 | D:5      | Entered Level 5 of the Dungeon
  4181 | D:5      | Upgraded the game from 0.27-a0-91-g4f573a835d to
                  | 0.27-a0-103-g6cd7b45605
  4188 | D:5      | Found a basalt altar of Yredelemnul.
  4327 | D:5      | Reached skill level 8 in Axes
  5055 | D:5      | HP: 3/70 [ufetubus (3)]
  5072 | D:5      | HP: 1/70 [orc warrior/+0 war axe (6)]
  5074 | D:5      | Hit by a stone thrown by an orc

Illustrated notes

Levels and vault maps discovered:
D:1:      roderic_crossed_star, layout_basic, kennysheep_pointless_box,
          minmay_tall_x
D:2:      layout_rooms, lemuel_coloured_pillars_altar, zin_statuary,
          corexii_shack
D:3:      layout_rooms, grunt_temple_overflow_opulence, lemuel_doored_altar,
          portal_sewer_entry_a, eino_tiny_chamber, minivault_26,
          minmay_misc_feat_plants, uniq_ijyb, uniq_grinder, uniq_jessica,
          uniq_terence
D:4:      layout_loops_ring, grunt_qazlal_clouds,
          minmay_temple_entry_gardened_gates, uniq_sigmund, uniq_eustachio,
          uniq_menkaure
D:5:      layout_rooms, lemuel_round_altar

Skill      XL: |  1  2  3  4  5  6  7  8 |
---------------+-------------------------+-----
Fighting       | 4 5 |  5.8
Shields        | 4 5 6 |  6.1
Axes           | 3 4 5 6 7 8 |  8.1
Armour         | 4 5 6 |  6.8
Dodging        | 1 2 |  2.1
Stealth        | |  0.5

Action                   |  1- 3 |  4- 6 |  7- 9 || total
-------------------------+-------+-------+-------++-------
Melee: War axe           |    70 |    94 |   109 ||   273
       Headbutt          |     7 |    23 |    21 ||    51
Armor: Scale mail        |    28 |    53 |    28 ||   109
Dodge: Dodged            |    20 |    31 |    26 ||    77
Block: Kite shield       |    24 |    52 |    54 ||   130

Table legend: (Time is in decaauts)
 A = Elapsed time spent in this place.
 B = Non-inter-level travel time spent in this place.
 C = Inter-level travel time spent in this place.
 D = Time resting spent in this place.
 E = Time spent auto-exploring this place.
 F = Levels seen in this place.
 G = Mean time per level.
                   A        B        C        D        E       F      G
               +--------+--------+--------+--------+--------+-----+--------+
         Total |   5159 |   5086 |     73 |   1954 |   2354 |   5 | 1031.8 |
       Dungeon |   5159 |   5086 |     73 |   1954 |   2354 |   5 | 1031.8 |
               +--------+--------+--------+--------+--------+-----+--------+

Top non-repeatable levels by time:
     D:3: 1818 daAuts
     D:4: 1375 daAuts
     D:1: 1008 daAuts
     D:2: 577 daAuts
     D:5: 379 daAuts
